 Dungeon Crawl Stone Soup version 0.30-a0-595-g91969c0fa5 (webtiles) character file.

Game seed: 6956703457506382372

98 Leeroy the Insei (level 4, 0/32 HPs)
             Began as a Demonspawn Transmuter on Jan 6, 2023.
             Slain by a phantom (4 damage)
             ... on level 3 of the Dungeon.
             The game lasted 00:05:03 (1616 turns).

Leeroy the Insei (Demonspawn Transmuter)            Turns: 1616, Time: 00:05:04

Health: 0/32       AC:  2    Str: 10    XL:     4   Next: 43%
Magic:  0/7        EV: 19    Int: 17    God:
Gold:   55         SH:  0    Dex: 18    Spells: 3/7 levels left

rFire   . . .      SeeInvis .      - Unarmed
rCold   . . .      Faith    .    (shield currently unavailable)
rNeg    + . .      Spirit   +    (body armour currently unavailable)
rPois   x          Reflect  .    (helmet currently unavailable)
rElec   .          Harm     .    (cloak currently unavailable)
rCorr   .          Rampage  .    (gloves currently unavailable)
Will    .....                    (boots currently unavailable)
Stlth   ++                       e - amulet of guardian spirit
HPRegen 0.25/turn                f - ring of positive energy
MPRegen 0.20/turn                (no ring)

@: spider-form (expiring)
A: venomous fangs, tiny, (hooves 1), magic regeneration, (weakness stinger 1)
a: End Transformation


You were on level 3 of the Dungeon.
You were a venomous arachnid creature.
You visited 1 branch of the dungeon, and saw 3 of its levels.

You collected 55 gold pieces.

Inventory:

Armour
 a - a +0 robe (melded)
Jewellery
 e - an amulet of guardian spirit (around neck)
 f - a ring of positive energy (left front leg)
 j - an amulet of regeneration
Scrolls
 c - 3 scrolls of identify {unknown}
 d - 2 scrolls of vulnerability {unknown}
Potions
 b - a potion of lignification
 g - a potion of curing
 h - a potion of attraction {unknown}
 i - a potion of berserk rage {unknown}


   Skills:
 - Level 1.0 Fighting
 - Level 1.7 Dodging
 - Level 4.0 Unarmed Combat
 - Level 2.0 Spellcasting
 + Level 3.1 Transmutations


You had 3 spell levels left.
You knew the following spells:

 Your Spells              Type           Power      Damage    Failure   Level
a - Beastly Appendage     Tmut           24%        N/A       16%         1
b - Spider Form           Tmut/Pois      7%         N/A       52%         3

Your spell library contained the following spells:

 Spells                   Type           Power      Damage    Failure   Level
 Wereblood                Tmut           12%        N/A       21%         2
 Ice Form                 Ice/Tmut       7%         N/A       86%         4


Dungeon Overview and Level Annotations

Branches:
Dungeon (3/15)

Altars:

Annotations:
D:2 Sigmund


Innate Abilities, Weirdness & Mutations

You are a venomous arachnid creature.
You have poisonous fangs.
You are tiny and dextrous.
Your spellcasting is less reliable in this form.
Your armour is entirely melded.
You are incapable of wielding weapons or throwing items.
((You have large cloven feet.))
You regenerate magic rapidly.
((You have a small tail.))


Message History

You barely miss the orc.
The kobold shouts!
You hear a shout! x2
The orc hits you but does no damage.
You hit the orc.
The orc is poisoned.
The orc is heavily wounded.
Your transformation is almost over.
The orc barely misses you. The phantom completely misses you.
You hit the orc.
You kill the orc!
The phantom hits you but does no damage.
You hit the phantom but do no damage.
The kobold throws a stone.
The stone completely misses you. The phantom misses you.
You hit the phantom.
The phantom is lightly damaged.
The phantom barely misses you.
You hit the phantom.
The phantom is moderately damaged.
The phantom completely misses you.
You closely miss the phantom.
The phantom is moderately damaged.
The kobold misses you. The phantom hits you.
* * * LOW HITPOINT WARNING * * *
You hit the kobold.
The kobold is poisoned.
The kobold is heavily wounded.
The phantom hits you.
* * * LOW HITPOINT WARNING * * *
The phantom blinks!
You blink.
You hit the phantom.
The phantom is moderately damaged.
The kobold throws a stone.
The stone hits you.
* * * LOW HITPOINT WARNING * * *
The phantom completely misses you.
You hit the phantom but do no damage.
The phantom is moderately damaged.
The phantom closely misses you.
You closely miss the phantom.
The phantom is moderately damaged.
You kill the kobold!
The phantom hits you.
You die...

........<.......
#............##
##.?...?...#.#
#...)†......#
#.........###
#......)......
............###
.##........W#
#........s#
#.........#
#.........#
.......##
#.....# ######


You could see a phantom.

Vanquished Creatures
  4 adders
  A dart slug (D:2)
  An orc (D:3)
  6 ball pythons
  6 endoplasms
  A giant cockroach (D:1)
  5 goblins
  5 hobgoblins
  3 jackals (D:2)
  A quokka (D:1)
  5 bats
  5 frilled lizards
  9 kobolds
  4 rats
56 creatures vanquished.

Vanquished Creatures (others)
  2 fungi (D:1)
2 creatures vanquished.

Grand Total: 58 creatures vanquished

Notes
Turn   | Place    | Note
-------+----------+-------------------------------------------
     0 | D:1      | Leeroy the Demonspawn Transmuter began the quest for the
                  | Orb.
     0 | D:1      | Reached XP level 1. HP: 15/15 MP: 3/3
   289 | D:1      | Reached skill level 3 in Unarmed Combat
   411 | D:1      | Gained mutation: You regenerate magic rapidly. [demonic
                  | ancestry]
   411 | D:1      | Reached XP level 2. HP: 21/21 MP: 3/5
   608 | D:1      | Discovered your monstrous ancestry.
   608 | D:1      | Gained mutation: You have large cloven feet. [demonic
                  | ancestry]
   608 | D:1      | Reached XP level 3. HP: 15/26 MP: 3/6
   612 | D:1      | Learned a level 3 spell: Spider Form
   681 | D:1      | Found a faded altar of an unknown god.
   949 | D:1      | Reached skill level 4 in Unarmed Combat
  1490 | D:2      | Gained mutation: You have a small tail. [demonic ancestry]
  1490 | D:2      | Reached XP level 4. HP: 21/32 MP: 5/7
  1567 | D:2      | Noticed Sigmund
  1597 | D:3      | HP: 1/32 [poisoned by an adder]
  1600 | D:3      | Noticed a phantom
  1616 | D:3      | Slain by a phantom

Illustrated notes

Levels and vault maps discovered:
D:1:      dpeg_arrival_water_fire, layout_basic,
          hellmonk_ecumenical_altar_prayer_group, minmay_tetromino_s4
D:2:      layout_loops_ring, uniq_natasha, uniq_sigmund
D:3:      layout_rooms, portal_sewer_entry_e, minmay_three_crescents, uniq_ijyb,
          uniq_jessica

Skill      XL: |  1  2  3  4 |
---------------+-------------+-----
Unarmed Combat | 3 4 |  4.0
Transmutations | 2 3 |  3.1
Fighting       | |  1.0
Dodging        | |  1.7
Spellcasting   | |  2.0

Action                   |  1- 3 |  4- 6 || total
-------------------------+-------+-------++-------
Melee: Unarmed           |   145 |    36 ||   181
       Punch             |     3 |       ||     3
       Kick              |    15 |     4 ||    19
       Tailslap          |       |     1 ||     1
 Cast: Beastly Appendage |     1 |       ||     1
       Spider Form       |       |     2 ||     2
  Use: Potion            |       |     1 ||     1
 Stab: Sleeping          |     1 |     1 ||     2
Armor: Robe              |    47 |     4 ||    51
       Skin              |       |     3 ||     3
Dodge: Dodged            |    98 |    27 ||   125

Table legend: (Time is in decaauts)
 A = Elapsed time spent in this place.
 B = Non-inter-level travel time spent in this place.
 C = Inter-level travel time spent in this place.
 D = Time resting spent in this place.
 E = Time spent auto-exploring this place.
 F = Levels seen in this place.
 G = Mean time per level.
                   A        B        C        D        E       F      G
               +--------+--------+--------+--------+--------+-----+--------+
         Total |   1604 |   1472 |    132 |      0 |   1116 |   3 |  534.7 |
       Dungeon |   1604 |   1472 |    132 |      0 |   1116 |   3 |  534.7 |
               +--------+--------+--------+--------+--------+-----+--------+

Top non-repeatable levels by time:
     D:1: 1150 daAuts
     D:2: 423 daAuts
     D:3: 29 daAuts
